 Dungeon Crawl Stone Soup version 0.25.0-41-g26779e291d (webtiles) character file.

Game seed: 5455260332073972801

119 AvylaarBelgium the Magician (level 4, -1/24 HPs)
             Began as a Deep Elf Air Elementalist on July 10, 2020.
             Slain by an iron imp (6 damage)
             ... summoned by Eustachio
             ... on level 6 of the Dungeon.
             The game lasted 00:05:36 (1834 turns).

AvylaarBelgium the Magician (DEAE)                  Turns: 1834, Time: 00:05:36

Health: -1/24      AC:  2    Str:  5    XL:     4   Next: 73%
Magic:  2/12       EV: 13    Int: 21    God:
Gold:   175        SH:  0    Dex: 15    Spells: 6/12 levels left

rFire    . . .     SeeInvis .   m - +0 spear
rCold    . . .     Gourm    .   (no shield)
rNeg     . . .     Faith    .   a - +0 robe
rPois    .         Spirit   .   (no helmet)
rElec    .         Reflect  .   (no cloak)
rCorr    .         Harm     .   (no gloves)
MR       .....                  (no boots)
Stlth    +++.......             (no amulet)
HPRegen  0.08/turn              e - ring of stealth
MPRegen  0.13/turn              q - ring of flight

@: no status effects
A: no striking features
a: Evoke Flight


You were on level 6 of the Dungeon.
You were not hungry.

You visited 1 branch of the dungeon, and saw 4 of its levels.

You collected 175 gold pieces.

Inventory:

Hand Weapons
 l - a +0 club
 m - a +0 spear (weapon)
 n - a +0 spear of flaming
Missiles
 d - 9 poisoned darts (quivered)
 f - 2 javelins
Armour
 a - a +0 robe (worn)
Jewellery
 e - a ring of stealth (left hand)
 q - a ring of flight (right hand)
Scrolls
 g - 2 scrolls of noise {unknown}
 k - 3 scrolls of teleportation {unknown}
 o - a scroll of enchant weapon {unknown}
 p - 2 scrolls of blinking {unknown}
 r - 2 scrolls of identify {unknown}
 s - 2 scrolls of random uselessness {unknown}
 t - 2 scrolls of remove curse {unknown}
 u - a scroll of magic mapping {unknown}
Potions
 b - a potion of invisibility {unknown}
 h - a potion of flight {unknown}
 i - a potion of curing {unknown}
 j - 2 potions of heal wounds {unknown}
 w - a potion of degeneration {unknown}
 x - a potion of stabbing {unknown}
Comestibles
 c - 4 rations


   Skills:
 - Level 2.4 Dodging
 - Level 2.4 Stealth
 + Level 4.6 Spellcasting
 + Level 3.0 Conjurations
 + Level 4.0 Air Magic


You had 6 spell levels left.
You knew the following spells:

 Your Spells              Type           Power        Failure   Level  Hunger
a - Shock                 Conj/Air       ###.         2%          1    None
b - Swiftness             Chrm/Air       ##......     8%          2    #......
c - Static Discharge      Conj/Air       ###.....     8%          3    ##.....

Your spell library contained the following spells:

 Spells                   Type           Power        Failure   Level  Hunger
 Airstrike                Air            ###.......   22%         4    ####...
 Lightning Bolt           Conj/Air       ###.......   58%         5    ######.


Dungeon Overview and Level Annotations

Branches:
Dungeon (3/15)

Altars:
Gozag

Annotations:
D:6 Eustachio


Message History

* * * LOW HITPOINT WARNING * * *
The iron imp barely misses you. The crimson imp barely misses you.
Okay, then.
Found a scroll labeled CIS IDEEJO.
Casting: Shock (safe; 2% risk of failure)
Confirm with . or Enter, or press ? or * to list all spells.
Aiming: Shock (safe; 2% risk of failure)
Press: ? - help, Shift-Dir - straight line, f - Eustachio
Aim: Eustachio, wielding a +0 falchion and wearing a +0 leather armour (heavily wounded)
The zap hits Eustachio!
Eustachio is severely wounded.
The crimson imp hits you.
* * * LOW HITPOINT WARNING * * *
Casting: Shock (safe; 2% risk of failure)
Confirm with . or Enter, or press ? or * to list all spells.
Aiming: Shock (safe; 2% risk of failure)
Press: ? - help, Shift-Dir - straight line, f/p - Eustachio
Aim: Eustachio, wielding a +0 falchion and wearing a +0 leather armour (severely wounded)
The zap misses Eustachio.
The iron imp hits you.
You die...

#
#.#########
#).5@.@...#
#..5.......?
#)#######.#.
#. #


You could see Eustachio, an iron imp (summoned) and a crimson imp (summoned).

Vanquished Creatures
  An orc wizard (D:6)
  A gnoll (D:1)
  An adder (D:2)
  A shadow imp (D:2)
  3 oozes
  3 worms
  2 leopard geckos (D:1)
  2 orcs
  A ball python (D:1)
  7 bats
  4 giant cockroaches
  2 goblins
  5 hobgoblins
  2 frilled lizards (D:2)
  4 kobolds
  3 rats
42 creatures vanquished.

Notes
Turn   | Place    | Note
-------+----------+-------------------------------------------
     0 | D:1      | AvylaarBelgium the Deep Elf Air Elementalist began the
                  | quest for the Orb.
     0 | D:1      | Reached XP level 1. HP: 10/10 MP: 6/6
   184 | D:1      | Reached XP level 2. HP: 12/15 MP: 6/8
   453 | D:1      | Reached XP level 3. HP: 16/19 MP: 5/10
   665 | D:2      | Learned a level 2 spell: Swiftness
   669 | D:2      | Learned a level 3 spell: Static Discharge
  1279 | D:2      | Reached XP level 4. HP: 24/24 MP: 9/12
  1550 | D:3      | Found an opulent altar of Gozag.
  1822 | D:3      | You fall into a shaft and drop 3 floors!
  1823 | D:6      | Noticed Eustachio
  1834 | D:6      | Slain by an iron imp

Illustrated notes

Levels and vault maps discovered:
D:1:      dpeg_arrival_short_road, layout_rooms
D:2:      layout_basic, first_ration
D:3:      layout_loops_corners, grunt_gozag_statues
D:6:      layout_loops_ring, uniq_crazy_yiuf_cottage, uniq_blork_the_orc,
          uniq_eustachio

Skill      XL: |  1  2  3  4 |
---------------+-------------+-----
Conjurations   | 2 3 |  3.0
Spellcasting   | 4 |  4.6
Air Magic      | 4 |  4.0
Dodging        | |  2.4
Stealth        | |  2.4

Action                   |  1- 3 |  4- 6 || total
-------------------------+-------+-------++-------
Melee: Unarmed           |     7 |       ||     7
       Spear             |    28 |     3 ||    31
       Club              |     2 |       ||     2
Throw: Javelin           |     2 |       ||     2
 Cast: Shock             |    52 |    31 ||    83
 Stab: Sleeping          |     6 |       ||     6
  Eat: Chunk             |     1 |     2 ||     3
Armor: Robe              |     9 |     1 ||    10
Dodge: Dodged            |    29 |     9 ||    38
